 Dungeon Crawl Stone Soup version 0.28.0-43-g3370ac3207 (webtiles) character file.

Game seed: 7450931130225070434

15507 adizb the Grappler (level 12, -5/122 HPs)
             Began as a Troll Monk on Mar 8, 2022.
             Was a High Priest of Nemelex Xobeh.
             Hit by a silver javelin thrown by a minotaur (40 damage)
             ... in a Gauntlet.
             The game lasted 00:49:33 (8101 turns).

adizb the Grappler (Troll Monk)                     Turns: 8101, Time: 00:49:33

Health: -5/122     AC:  6    Str: 30    XL:     12   Next: 1%
Magic:  15/15      EV: 10    Int:  8    God:    Nemelex Xobeh [*****.]
Gold:   1153       SH: 18    Dex: 18    Spells: 11/11 levels left

rFire   . . .      SeeInvis .     - Unarmed
rCold   . . .      Faith    +   e - +3 tower shield
rNeg    . . .      Spirit   .   D - +0 troll leather armour
rPois   .          Reflect  .   (helmet restricted)
rElec   .          Harm     .   y - +2 cloak {rCorr}
rCorr   +          Rampage  .   (gloves unavailable)
Will    .....      NoTele   +   (boots unavailable)
Stlth   ++........              N - amulet "Okitepif" {Faith rCorr}
HPRegen 1.90/turn               r - +6 ring of dexterity
MPRegen 0.14/turn               C - +6 ring of strength

@: corroded
A: large, unfitting armour, claws 3, regeneration 1, shaggy fur 1, tough skin 1
a: Renounce Religion, Draw Escape, Draw Destruction, Draw Summoning, Triple
Draw, Deal Four, Stack Five


You were in a Gauntlet.
You worshipped Nemelex Xobeh.
Nemelex Xobeh was extremely pleased with you.
You visited 3 branches of the dungeon, and saw 13 of its levels.
You also visited: Gauntlet.

You collected 1153 gold pieces.

Inventory:

Missiles
 o - 4 throwing nets (quivered)
 K - 4 silver boomerangs
Armour
 a - a +0 robe
 e - a +3 tower shield (worn)
 f - +0 steam dragon scales
 y - a +2 cloak of preservation (worn)
 D - a +0 troll leather armour (worn)
Jewellery
 m - a ring of protection from cold
 r - a +6 ring of dexterity (left claw)
 C - a +6 ring of strength (right claw)
 M - a ring of flight
 N - the amulet "Okitepif" (around neck) {Faith rCorr}
   (You found it in a Gauntlet)

   [amulet of faith]

   It allows you to gain divine favour quickly.
   rCorr:     It protects you from acid and corrosion.
Wands
 h - a wand of digging (2)
 j - a wand of paralysis (5)
 l - a wand of flame (11)
 t - a wand of iceblast (8)
 x - a wand of polymorph (3)
 B - a wand of charming (13)
Scrolls
 b - a scroll of holy word {unknown}
 c - 4 scrolls of brand weapon
 k - a scroll of enchant weapon
 n - 2 scrolls of fear
 u - 3 scrolls of amnesia {unknown}
 z - 2 scrolls of vulnerability {unknown}
 A - 2 scrolls of fog {unknown}
 E - 3 scrolls of blinking {unknown}
 H - 2 scrolls of teleportation
 O - a scroll of identify
Potions
 d - 2 potions of ambrosia
 g - a potion of magic
 i - 2 potions of heal wounds
 p - 7 potions of curing
 q - 4 potions of lignification
 s - 4 potions of might
 v - a potion of mutation {unknown}
 w - a potion of cancellation {unknown}
 F - 2 potions of resistance {unknown}
 I - a potion of flight {unknown}
 J - a potion of experience {unknown}
 L - a potion of haste {unknown}
Miscellaneous
 G - a condenser vane


   Skills:
 * Level 8.5 Fighting
 + Level 4.7 Armour
 + Level 6.7 Dodging
 - Level 1.0 Stealth
 + Level 5.9 Shields
 * Level 11.1 Unarmed Combat
 + Level 6.0 Invocations


You had 11 spell levels left.
You didn't know any spells.
Your spell library contained the following spells:

 Spells                   Type           Power      Damage    Failure   Level
 Static Discharge         Conj/Air       0%         N/A       99%         2
 Call Canine Familiar     Summ           0%         N/A       100%        3
 Confusing Touch          Hex            0%         N/A       100%        3
 Frozen Ramparts          Ice            0%         1d2       100%        3
 Gell's Gravitas          Tloc           0%         N/A       100%        3
 Lesser Beckoning         Tloc           0%         N/A       100%        3
 Portal Projectile        Hex/Tloc       0%         N/A       100%        3
 Teleport Other           Tloc           0%         N/A       100%        3
 Ice Form                 Ice/Tmut       0%         N/A       100%        4
 Leda's Liquefaction      Hex/Erth       0%         N/A       100%        4
 Summon Ice Beast         Ice/Summ       0%         N/A       100%        4
 Lightning Bolt           Conj/Air       0%         1d11      100%        5
 Yara's Violent Unravell  Hex/Tmut       0%         3d3       100%        5
 Enfeeble                 Hex            0%         N/A       100%        7
 Maxwell's Capacitive Co  Air            0%         ∞         100%        8


Dungeon Overview and Level Annotations

Branches:
Dungeon (10/15)            Temple (1/1) D:4            Lair (2/6) D:10
    Orc (0/2) D:9         Gauntlet (1/1)
  Swamp: Lair:2-4    Shoals: Lair:2-4     Snake: Lair:2-4    Spider: Lair:2-4

Altars:
Ashenzari
Cheibriados
Dithmenos
Elyvilon
Fedhas
Gozag
Hepliaklqana
Kikubaaqudgha
Makhleb
Nemelex Xobeh
Okawaru
Qazlal
Ru
Sif Muna
Trog
Uskayaw
Vehumet
Wu Jian
Xom
Yredelemnul
Zin
The Shining One
Beogh

Shops:
D:10 (

Annotations:
Gauntlet 21 runed translucent doors, 8 transporters


Innate Abilities, Weirdness & Mutations

You are too large for most types of armour.
You have claws for hands.
Your natural rate of healing is unusually fast.
You are covered in fur. (AC +1)
You have tough skin. (AC +1)


Message History

The minotaur furiously retaliates!
The minotaur headbutts your hell hound!
You claw the minotaur!
The minotaur is lightly wounded.
Your hell hound barely misses the minotaur.
The minotaur furiously retaliates!
The minotaur headbutts your hell hound.
The minotaur hits you with a staff of conjuration.
You block the minotaur's attack.
You claw the rust devil!
You kill the rust devil!
The rust devil disappears in a puff of smoke!
Your hell hound bites the minotaur but does no damage.
You block the minotaur's attack. x2; Your hell hound bites the minotaur.
You scratch the minotaur but do no damage.
The minotaur is lightly wounded.
Your hell hound bites the minotaur.
The minotaur hits you with a staff of conjuration!!
The minotaur blasts you. The minotaur gores you!
You scratch the minotaur but do no damage.
The minotaur is lightly wounded.
Your hell hound bites the minotaur but does no damage.
You block the minotaur's attack. The minotaur closely misses you.
Your hell hound bites the minotaur!
You claw the minotaur!
The minotaur is heavily wounded.
Your hell hound bites the minotaur.
The minotaur hits you with a staff of conjuration!!
* * * LOW HITPOINT WARNING * * *
The minotaur gores you.
* * * LOW HITPOINT WARNING * * *
Your hell hound bites the minotaur.
Your hell hound bites the minotaur but does no damage.
The minotaur hits your hell hound with a staff of conjuration.
The minotaur blasts your hell hound. The minotaur gores your hell hound!
Your hell hound dies!
Your hell hound's corpse disappears in a puff of smoke!
The crimson imp shouts, "Kneel, thou skyhacking hell-hated crab-lanthorn!"
The minotaur throws a silver javelin.
The silver javelin pierces through you!!!
You die...
Your body glows with a rainbow of weird colours and disappears.

#4#5.#..#.#..#§8≈#
##5©#..#.©#..#...###
#3#5.#P.#3#..#.8....
#.5#..#..##..#...###.##.#
#...#..#.5#..#.8........8
#...5#..#5#..#..H#.#.....
###########..#...#.# ###
§...........≈#.©.#..
§...........∩#..@###.
§...........≈#.©.# H#
###########..#...# #
#.........#..#...#.#
#.##...##.#..#.8....
#.#.#.#.#.#..#...###
#..##.##..#..#.8....
#..#.©.#.©#..#...###
#..##.##..#..#≈8≈#


You could see a minotaur, a smoke demon and 2 crimson imps.

Vanquished Creatures
  A two-headed ogre (D:10)
  The ghost of tizbic2 the Martial Artist, a novice DjMo of Ru (D:9)
  A black mamba (Lair:1)
  A smoke demon (Gauntlet)
  4 cane toads
  2 komodo dragons
  A kobold demonologist (D:9)
  A troll (D:9)
  8 blink frogs
  7 dream sheep (Lair:1)
  9 flying skulls (Gauntlet)
  5 yaks (D:8)
  A spriggan (D:9)
  A vampire (D:10)
  A wraith (D:10)
  Grum (D:9)
  3 steam dragons
  3 water moccasins
  4 orc warriors (D:9)
  A necrophage (D:7)
  3 sky beasts (D:8)
  A tengu (shapeshifter) (D:10)
  3 centaurs
  2 phantoms
  4 wolves (D:9)
  10 bullfrogs
  2 scorpions
  A wyvern zombie (D:6)
  A water moccasin skeleton (D:6)
  A wyvern skeleton (D:7)
  10 wights
  6 killer bees (D:9)
  An electric eel (D:7)
  5 howler monkeys
  4 centaur zombies
  7 orc priests
  2 centaur skeletons (D:6)
  An iguana (D:4)
  9 orc wizards
  4 gnolls (D:4)
  6 adders
  A shadow imp (D:6)
  2 white imps
  A dart slug (D:2)
  28 orcs
  6 ball pythons
  7 bats
  7 endoplasms
  A giant cockroach (D:3)
  3 goblins
  5 hobgoblins
  3 jackals (D:2)
  5 frilled lizards
  4 kobolds
  9 rats
221 creatures vanquished.

Vanquished Creatures (collateral kills)
  A polar bear (D:9)
  2 spriggans (D:9)
  An ogre (D:6)
  A wolf (D:9)
  2 wights (D:6)
  3 orc priests (D:6)
  2 orcs (D:6)
12 creatures vanquished.

Vanquished Creatures (others)
  Maurice (D:8)
  14 demonic plants (Gauntlet)
  2 fungi
  29 plants
  6 withered plants (D:4)
52 creatures vanquished.

Grand Total: 285 creatures vanquished

Notes
Turn   | Place    | Note
-------+----------+-------------------------------------------
     0 | D:1      | adizb the Troll Monk began the quest for the Orb.
     0 | D:1      | Reached XP level 1. HP: 22/22 MP: 0/0
   116 | D:1      | Reached XP level 2. HP: 25/29 MP: 1/1
   359 | D:2      | Reached XP level 3. HP: 36/36 MP: 2/2
   442 | D:2      | Reached skill level 1 in Shields
   471 | D:2      | Found a faded altar of an unknown god.
   993 | D:3      | Found an iron altar of Okawaru.
  1206 | D:3      | Reached XP level 4. HP: 44/44 MP: 3/3
  1296 | D:3      | Noticed a phantom
  1308 | D:3      | Killed a phantom
  1309 | D:3      | Reached skill level 4 in Unarmed Combat
  1309 | D:3      | Reached XP level 5. HP: 38/53 MP: 4/4
  2220 | D:4      | Reached XP level 6. HP: 46/61 MP: 5/5
  2349 | D:4      | Reached skill level 5 in Unarmed Combat
  2379 | D:4      | Found an ancient bone altar of Kikubaaqudgha.
  2380 | D:4      | Found a blossoming altar of Fedhas.
  2491 | D:4      | HP: 2/61 [gnoll/+0 flail (3)]
  2597 | D:4      | Found a staircase to the Ecumenical Temple.
  2618 | Temple   | Entered the Ecumenical Temple
  2637 | Temple   | Became a worshipper of Nemelex Xobeh the Trickster
  2637 | Temple   | Reached * piety under Nemelex Xobeh
  2637 | Temple   | Received a gift from Nemelex Xobeh
  2637 | Temple   | Reached ** piety under Nemelex Xobeh
  2717 | D:5      | Entered Level 5 of the Dungeon
  2996 | D:5      | You fall into a shaft and drop 1 floor!
  3185 | D:6      | Reached XP level 7. HP: 37/67 MP: 6/6
  3196 | D:6      | Received a gift from Nemelex Xobeh
  3246 | D:6      | Reached skill level 1 in Invocations
  3268 | D:6      | Found a shadowy altar of Dithmenos.
  3349 | D:6      | Noticed a steam dragon
  3367 | D:6      | Killed a steam dragon
  3368 | D:6      | Reached skill level 6 in Unarmed Combat
  3408 | D:6      | Found an opulent altar of Gozag.
  3444 | D:6      | Reached XP level 8. HP: 54/78 MP: 8/8
  3755 | D:6      | Found a glowing silver altar of Zin.
  3868 | D:7      | Reached *** piety under Nemelex Xobeh
  4059 | D:7      | Reached skill level 7 in Unarmed Combat
  4318 | D:7      | Received a gift from Nemelex Xobeh
  4397 | D:7      | Found a glowing golden altar of the Shining One.
  4401 | D:7      | Found a white marble altar of Elyvilon.
  4404 | D:7      | Found a snail-covered altar of Cheibriados.
  4673 | D:8      | Reached skill level 1 in Armour
  4705 | D:8      | Found a hide-covered altar of Uskayaw.
  4762 | D:8      | Reached skill level 5 in Fighting
  4762 | D:8      | Reached XP level 9. HP: 88/88 MP: 10/10
  4833 | D:8      | Reached skill level 8 in Unarmed Combat
  4929 | D:8      | Reached skill level 5 in Dodging
  5197 | D:8      | Noticed Maurice
  5208 | D:8      | Killed Maurice
  5391 | D:9      | Noticed a kobold demonologist
  5400 | D:9      | Noticed a sun demon
  5406 | D:9      | Killed a kobold demonologist
  5448 | D:9      | Noticed a troll
  5467 | D:9      | Reached XP level 10. HP: 97/98 MP: 12/12
  5625 | D:9      | Found a staircase to the Orcish Mines.
  5632 | D:9      | Reached skill level 9 in Unarmed Combat
  5804 | D:9      | Noticed Grum
  5819 | D:9      | Killed Grum
  5849 | D:9      | Reached **** piety under Nemelex Xobeh
  5849 | D:9      | Received a gift from Nemelex Xobeh
  5991 | D:9      | Found a runed translucent door.
  5992 | D:9      | Noticed tizbic2's ghost (novice DjMo)
  5994 | D:9      | Identified the +6 trident "Hufucy" {speed, rF+ Will+ Str+2
                  | Dex-2}
  6009 | D:9      | Reached skill level 5 in Shields
  6035 | D:9      | Killed tizbic2's ghost
  6079 | D:10     | Entered Level 10 of the Dungeon
  6079 | D:10     | Found a hazy altar of Hepliaklqana.
  6083 | D:10     | Found a burning altar of Makhleb.
  6101 | D:10     | Received a gift from Nemelex Xobeh
  6102 | D:10     | Noticed a two-headed ogre
  6108 | D:10     | Killed a two-headed ogre
  6109 | D:10     | Reached skill level 5 in Invocations
  6109 | D:10     | Reached XP level 11. HP: 74/109 MP: 13/13
  6154 | D:10     | Found a radiant altar of Vehumet.
  6207 | D:10     | Noticed a two-headed ogre
  6209 | D:10     | Noticed a glowing shapeshifter
  6209 | D:10     | a two-headed ogre changed into a glowing shapeshifter
  6210 | D:10     | a glowing shapeshifter changed into a hornet
  6310 | D:10     | Identified a scroll of acquirement
  6313 | D:10     | Acquired 661 gold pieces
  6628 | D:10     | Reached skill level 10 in Unarmed Combat
  6658 | D:10     | Found Ibbucy's Antique Weapon Shop.
  6727 | D:10     | Received a gift from Nemelex Xobeh
  6729 | D:10     | Found a staircase to the Lair.
  6863 | Lair:1   | Entered Level 1 of the Lair of Beasts
  7144 | Lair:1   | Reached ***** piety under Nemelex Xobeh
  7162 | Lair:1   | Received a gift from Nemelex Xobeh
  7600 | Lair:2   | Received a gift from Nemelex Xobeh
  7648 | Lair:2   | Found a gate leading to a gauntlet.
  7667 | Gauntlet | Entered a Gauntlet
  7667 | Gauntlet | Found a large runed translucent door.
  7667 | Gauntlet | Found a large runed translucent door.
  7667 | Gauntlet | Found a large runed translucent door.
  7667 | Gauntlet | Found a large runed translucent door.
  7667 | Gauntlet | Found a large runed translucent door.
  7667 | Gauntlet | Found a large runed translucent door.
  7667 | Gauntlet | Found a large runed translucent door.
  7667 | Gauntlet | Found a large runed translucent door.
  7667 | Gauntlet | Found a runed translucent door.
  7667 | Gauntlet | Found a runed translucent gate.
  7667 | Gauntlet | Found a transporter.
  7667 | Gauntlet | Found a transporter.
  7667 | Gauntlet | Found a runed translucent gate.
  7667 | Gauntlet | Found a transporter.
  7668 | Gauntlet | Found a runed translucent door.
  7668 | Gauntlet | Found a runed translucent gate.
  7672 | Gauntlet | Found a transporter.
  7679 | Gauntlet | Found a transporter.
  7687 | Gauntlet | Found a transporter.
  7689 | Gauntlet | Found a transporter.
  7740 | Gauntlet | Found a large runed translucent door.
  7740 | Gauntlet | Found a large runed translucent door.
  7741 | Gauntlet | Found a large runed translucent door.
  7742 | Gauntlet | Found a large runed translucent door.
  7746 | Gauntlet | Found a transporter.
  7751 | Gauntlet | Found a large runed translucent door.
  7751 | Gauntlet | Found a large runed translucent door.
  7752 | Gauntlet | Found a transporter.
  7754 | Gauntlet | Found a transporter.
  7785 | Gauntlet | Found a large runed translucent door.
  7785 | Gauntlet | Found a large runed translucent door.
  7799 | Gauntlet | Noticed a death scarab
  7806 | Gauntlet | Found a transporter.
  7828 | Gauntlet | Found a transporter.
  7935 | Gauntlet | Identified the +1 ring mail of the Garden {Slay+2 SInv}
  8008 | Gauntlet | Reached skill level 11 in Unarmed Combat
  8038 | Gauntlet | Reached XP level 12. HP: 100/122 MP: 15/15
  8063 | Gauntlet | Identified the amulet "Okitepif" {Faith rCorr}
  8086 | Gauntlet | Noticed a minotaur
  8101 | Gauntlet | Hit by a silver javelin thrown by a minotaur

Illustrated notes

Levels and vault maps discovered:
D:1:      eino_arrival_druids_welcome, layout_rooms
D:2:      layout_loops_ring, shapermc_ecumenical_altar_starsandcircs,
          st_stairs_7, minmay_misc_feat_five
D:3:      layout_basic, nicolae_overflow_crystal_walls, roderic_roman_lattice,
          hex_large, minmay_door_square, minmay_cut_off
D:4:      layout_cave_pods, grunt_temple_overflow_growth_and_decay,
          temple_fountains
D:5:      layout_basic
D:6:      layout_basic, pdpol_temple_overflow_zin_treasury_gozag_greed,
          mainiacjoe_overflow_small_starburst
D:7:      cheibrodos_helix_gallery, layout_basic, grunt_temple_overflow_diamond
D:8:      layout_basic, mainiacjoe_overflow_tiny_flanked, uniq_maurice
D:9:      layout_rooms, minmay_orc_entry_temple_small,
          ebering_ghost_funeral_grove, st_stairs_14, uniq_grum
D:10:     layout_irregular_city, grunt_temple_overflow_open, vehumet_crystals,
          david_lair_shrubbed, serial_shops, nicolae_shop_trees
Temple:   jpeg_temple_island
Lair:1:   layout_gridlike, st_stairs_3, minivault_19
Lair:2:   layout_cave_pods, minmay_swamp_entry_reptiles, dummy_spider_entry,
          gauntlet_entry_generic, serial_bayou_pond_c,
          chequers_serial_rivers_micro_d, grunt_megastairs_5,
          infiniplex_staircase_pool_2
Gauntlet: gammafunk_gauntlet_shortcut [gammafunk_gauntlet_arena_spirals,
          gammafunk_gauntlet_arena_corners,
          minmay_gauntlet_arena_make_your_own_arena,
          gammafunk_gauntlet_arena_split_diamond, nicolae_gauntlet_swirl,
          gammafunk_gauntlet_arena_arrow_garden,
          nicolae_gauntlet_exit_dead_adventurers]

Skill      XL: |  1  2  3  4  5  6  7  8  9 10 11 |
---------------+----------------------------------+-----
Shields        | 1 2 3 4 5 |  5.9
Fighting       | 3 4 5 6 7 8 |  8.5
Dodging        | 3 4 5 6 |  6.7
Unarmed Combat | 4 5 6 7 8 9 11 | 11.1
Invocations    | 2 3 4 5 6 |  6.0
Armour         | 1 2 3 4 |  4.7
Stealth        | |  1.0

Action                   |  1- 3 |  4- 6 |  7- 9 | 10-12 || total
-------------------------+-------+-------+-------+-------++-------
Melee: Unarmed           |   110 |   129 |   240 |   415 ||   894
       Punch             |     2 |       |       |       ||     2
Invok: Draw Destruction  |       |     1 |     6 |     6 ||    13
       Draw Summoning    |       |       |     3 |     3 ||     6
       Draw Escape       |       |       |     1 |       ||     1
  Use: Scroll            |       |     8 |     5 |     6 ||    19
       Potion            |       |     1 |       |       ||     1
 Stab: Sleeping          |     1 |       |     1 |       ||     2
       Invisible         |       |     1 |       |       ||     1
Armor: Robe              |    52 |    36 |       |       ||    88
       Steam dragon scal |       |       |    49 |    12 ||    61
       Troll leather arm |       |       |       |   105 ||   105
       Skin              |       |       |       |     1 ||     1
Dodge: Dodged            |    54 |    59 |    41 |   109 ||   263
Block: Tower shield      |       |    46 |   165 |   372 ||   583
